 Dungeon Crawl Stone Soup version 0.22-a0-117-g314b907 (webtiles) character file.

77 tof the Slasher (level 4, -3/40 HPs)
             Began as a Minotaur Chaos Knight on Jan 26, 2018.
             Slain by Crazy Yiuf
             ... wielding a +4 quarterstaff of chaos
              (7 damage)
             ... on level 2 of the Dungeon on Jan 29, 2018.
             The game lasted 00:03:40 (1407 turns).

tof the Slasher (Minotaur Chaos Knight)             Turns: 1407, Time: 00:03:41

Health: -3/40      AC:  5    Str: 16    XL:     4   Next: 13%
Magic:  3/3        EV: 10    Int:  9    God:    Xom [..*...]
Gold:   91         SH:  0    Dex: 11    Spells: 3/3 levels left

rFire    . . .     SeeInvis .   h - +3 dagger
rCold    . . .     Gourm    .   (no shield)
rNeg     . . .     Faith    .   l - +0 ring mail
rPois    .         Spirit   .   (helmet restricted)
rElec    .         Reflect  .   (no cloak)
rCorr    .         Harm     .   (no gloves)
MR       .....                  (no boots)
Stlth    +.........             (no amulet)
HPRegen  0.13/turn              (no ring)
MPRegen  0.08/turn              (no ring)

@: lethally poisoned (-3 -> -16)
A: retaliatory headbutt, horns 2
a: Renounce Religion


You were on level 2 of the Dungeon.
You worshipped Xom.
You were a toy of Xom.
You were hungry.

You visited 1 branch of the dungeon, and saw 2 of its levels.

You collected 91 gold pieces.

Inventory:

Hand Weapons
 a - a +0 falchion of chaos
 h - a +3 dagger (weapon)
Armour
 l - a +0 ring mail (worn)
Scrolls
 e - a scroll of identify {unknown}
 f - a scroll of enchant armour {unknown}
 g - a scroll of blinking {unknown}
 j - a scroll of remove curse {unknown}
Potions
 b - 2 potions of berserk rage {unknown}
 d - a potion of heal wounds {unknown}
 i - 4 potions of lignification {unknown}
 k - a potion of brilliance {unknown}
Comestibles
 c - 3 rations


   Skills:
 + Level 4.3 Fighting
 * Level 5.0 Long Blades
 + Level 3.4 Armour
 - Level 1.1 Dodging


You had 3 spell levels left.
You didn't know any spells.

Dungeon Overview and Level Annotations

Branches:
Dungeon (2/15)

Altars:
Dithmenos

Annotations:
D:2 Crazy Yiuf


Innate Abilities, Weirdness & Mutations

You reflexively headbutt those who attack you in melee.
You have a pair of horns on your head.


Message History

You completely miss Crazy Yiuf. Crazy Yiuf hits you but does no damage.
You are poisoned.
You hit Crazy Yiuf.
Crazy Yiuf is lightly wounded.
You feel sick. Crazy Yiuf barely misses you.
You hit Crazy Yiuf. You headbutt Crazy Yiuf!
Crazy Yiuf is severely wounded.
You feel sick.
You hit Crazy Yiuf but do no damage.
Crazy Yiuf is severely wounded.
You feel sick.
Crazy Yiuf hits you with a quarterstaff of chaos!
* * * LOW HITPOINT WARNING * * *
You are more poisoned.
You hit Crazy Yiuf.
Crazy Yiuf is severely wounded.
* * * LOW HITPOINT WARNING * * *
You feel sick.
Crazy Yiuf hits you with a quarterstaff of chaos!
You die...

..####..####.# ♣g♣♣
#... .............#
♣♣.♣ #.##
.#####..##########
♣.♣♣ #)#
##..####.....#
♣♣.♣♣ #.##
#............##
♣...♣♣ #.##
#.............#
♣..g.♣ #...
#....>.......##
#....# ##.#
#.............#
#....# #.#
#........#g@###
#...g#####.#
#.......###.##
#.....[..g..
........## ##.#
####.#####..
######.##.###.#####
#........
#.....#....g.#
#######.#
######.#####)# #.#
### #.# #.# #.# #.#
#g# #.#


You could see Crazy Yiuf.

Vanquished Creatures
  4 adders (D:2)
  A dart slug (D:2)
  4 bats (D:1)
  2 giant cockroaches (D:1)
  6 goblins
  6 hobgoblins
  2 jackals (D:2)
  A ball python (D:1)
  A frilled lizard (D:1)
  9 kobolds
  4 rats
40 creatures vanquished.

Notes
Turn   | Place    | Note
-------+----------+-------------------------------------------
     0 | D:1      | tof the Minotaur Chaos Knight began the quest for the Orb.
     0 | D:1      | Reached XP level 1. HP: 19/19 MP: 0/0
    96 | D:1      | XOM: silly message
   166 | D:1      | Reached skill level 4 in Long Blades
   166 | D:1      | Reached XP level 2. HP: 27/27 MP: 1/1
   564 | D:2      | Reached XP level 3. HP: 33/33 MP: 2/2
   584 | D:2      | Found a shadowy altar of Dithmenos.
   750 | D:2      | XOM: harmless Tloc miscast
   811 | D:2      | Found a faded altar of an unknown god.
   998 | D:2      | XOM: confuse monster(s)
  1005 | D:2      | Reached skill level 5 in Long Blades
  1005 | D:2      | Reached XP level 4. HP: 40/40 MP: 3/3
  1092 | D:2      | Found a runed door.
  1096 | D:2      | Noticed Crazy Yiuf
  1103 | D:2      | HP: 1/40 [Crazy Yiuf/quarterstaff of chaos (8)]
  1109 | D:2      | Upgraded the game from 0.22-a0-109-gbeb7240 to 0.22-a0-117-g314b907
  1407 | D:2      | Slain by Crazy Yiuf

Vault maps used:
D:1:      saegor_arrival_simple_a
D:2:      marbit_many_paths, chequers_ecumenical_altar_simple,
          grunt_ministairs_5, uniq_crazy_yiuf_cottage

Skill      XL: |  1  2  3 |
---------------+----------+-----
Long Blades    | 4 5 |  5.0
Fighting       | 4 |  4.3
Armour         | 3 |  3.4
Dodging        | |  1.1

Action                   |  1- 3 |  4- 6 || total
-------------------------+-------+-------++-------
Melee: Falchion          |    17 |       ||    17
       Dagger            |    49 |    10 ||    59
       Headbutt          |     4 |     2 ||     6
       Unarmed           |       |     5 ||     5
  Eat: Chunk             |       |     1 ||     1
Armor: Leather armour    |    11 |       ||    11
       Ring mail         |     5 |     1 ||     6
Dodge: Dodged            |    44 |     3 ||    47
       Rpst.: Falchion   |     2 |       ||     2

Table legend:
 A = Spawn XP
 B = Non-spawn XP
 C = Spawn XP percentage of total XP
 D = Spawn monster count
 E = Non-spawn monster count
 F = Spawn count percentage of total count
 G = Total turns spent on level
                    A         B        C        D         E        F      G
               +---------+---------+-------+---------+---------+-------+---------
         Total |       0 |     110 |   0.0 |       0 |      40 |   0.0 |  1407
               +---------+---------+-------+---------+---------+-------+---------
           D:1 |       0 |      31 |   0.0 |       0 |      21 |   0.0 |   802
           D:2 |       0 |      79 |   0.0 |       0 |      19 |   0.0 |   605
               +---------+---------+-------+---------+---------+-------+---------
